 Dungeon Crawl Stone Soup version 0.30.1-6-gbe392663c4 (webtiles) character file.

Game seed: 10050391303351537360

6106 boopmooplesden the Protected (level 10, -4/88 HPs)
             Began as an Armataur Berserker on Sept 20, 2023.
             Was a High Priest of Trog.
             Hit by a javelin thrown by a centaur (6 damage)
             ... in a bailey.
             The game lasted 00:14:06 (8551 turns).

boopmooplesden the Protected (Armataur Berserker)   Turns: 8551, Time: 00:14:07

Health: -4/88      AC: 14    Str: 30    XL:     10   Next: 58%
Magic:  10/10      EV:  7    Int:  8    God:    Trog [*****.]
Gold:   519        SH:  5    Dex: 14    Spells: 9/9 levels left

rFire   . . .        t - +6 scimitar of Exzil {freeze, rN++ Dex+2}
rCold   + . .        (no shield)
rNeg    + + .        j - +0 plate armour
rPois   .            k - +0 helmet
rElec   .            (no cloak)
rCorr   .            (no gloves)
SInv    .            (no barding)
Will    .....        x - amulet of reflection Stlth
                     p - +6 ring of strength
HPRegen 0.34/turn    c - ring of protection from cold
MPRegen 0.12/turn

%: reflection, roll
@: no status effects
A: large, rugged brown scales 3, deformed body, armoured tail, roll, long
tongue, awkward tongue
a: Renounce Religion, Berserk, Trog's Hand, Brothers in Arms


You were in a bailey.
You worshipped Trog.
Trog was extremely pleased with you.
You visited 1 branch of the dungeon, and saw 10 of its levels.
You visited the Abyss 1 time.
You also visited: Ossuary and Bailey.

You collected 519 gold pieces.

Inventory:

Hand Weapons
 a - a +0 falchion
 d - a +2 whip of flaming
 t - the +6 scimitar of Exzil (weapon) {freeze, rN++ Dex+2}
   (You acquired it on level 4 of the Dungeon)

   Dex:       It affects your dexterity (+2).
   rN:        It greatly protects you from negative energy.
 y - a +1 dire flail of venom
Missiles
 s - 7 javelins
 u - 3 throwing nets (quivered)
Armour
 f - a +0 cloak
 i - a +0 chain mail
 j - a +0 plate armour (worn)
 k - a +0 helmet (worn)
 o - the +0 leather armour of Satisfaction {rC- Str+3 Int+4 Dex+3}
   (You found it on level 3 of the Dungeon)

   Str:       It affects your strength (+3).
   Int:       It affects your intelligence (+4).
   Dex:       It affects your dexterity (+3).
   rC:        It makes you vulnerable to cold.
Jewellery
 c - a ring of protection from cold (right hand)
 p - a +6 ring of strength (left hand)
 q - a +6 ring of intelligence
 x - an amulet of reflection (around neck)
Wands
 r - a wand of paralysis (6)
Scrolls
 e - 4 scrolls of teleportation
 B - 4 scrolls of blinking
 D - a scroll of magic mapping
 F - 2 scrolls of identify
Potions
 b - a potion of berserk rage
 g - 2 potions of haste
 h - a potion of mutation
 l - 7 potions of curing
 m - 2 potions of magic
 n - 2 potions of might
 v - 2 potions of degeneration
 w - a potion of invisibility
 z - 2 potions of attraction
 C - a potion of brilliance
 E - a potion of cancellation


   Skills:
 + Level 6.3 Fighting
 + Level 9.0 Long Blades
 + Level 4.4 Maces & Flails
 + Level 10.2 Armour
 + Level 3.4 Dodging
 + Level 2.2 Stealth
 + Level 4.3 Shields


You had 9 spell levels left.
You didn't know any spells.
Your spell library was empty.

Dungeon Overview and Level Annotations

Branches:
Dungeon (10/15)            Temple (0/1) D:5         Ossuary (visited)
 Bailey (1/1)
   Lair: D:8-11         Orc: D:9-12

Altars:
Dithmenos
Elyvilon
Kikubaaqudgha
Nemelex Xobeh
Sif Muna
Uskayaw
Vehumet

Shops:
D:3 (   D:6 (


Innate Abilities, Weirdness & Mutations

You are completely covered in rugged brown scales. (AC +3, +7% HP)
Armour fits poorly on your strangely shaped body.
You have a long armoured tail.
You roll when moving toward enemies. (Rampage)
Your long tongue fully drains potion bottles. (2x potion effects)
Your tongue gives you trouble enunciating. (1.5x scroll delay)


Message History

The centaur shouts!
A centaur comes into view. It is wielding a +0 halberd.
The centaur throws a javelin.
The javelin closely misses you. The orc hits you but does no damage.
The centaur moves out of view.
You slash the orc! You freeze the orc.
You kill the orc!
Trog accepts your kill.
The centaur throws a javelin.
The javelin pierces through you.
You roll towards the centaur!
A centaur comes into view. It is wielding a +0 spear.
The centaur shouts! x2
The centaur throws a javelin.
The javelin pierces through you.
The centaur hits you from afar with a +0 halberd.
The centaur throws a javelin.
The javelin pierces through you.
* * * LOW HITPOINT WARNING * * *
The centaur throws a javelin.
The javelin pierces through you!
* * * LOW HITPOINT WARNING * * *
The centaur throws a javelin.
The javelin pierces through you.
* * * LOW HITPOINT WARNING * * *
You roll towards the centaur!
You slash the centaur! You freeze the centaur.
Your tail-slap misses the centaur.
The centaur is almost dead.
The centaur throws a javelin.
The javelin pierces through you.
* * * LOW HITPOINT WARNING * * *
The centaur throws a javelin.
The javelin pierces through you.
* * * LOW HITPOINT WARNING * * *
The centaur hits you but does no damage.
You block the centaur's attack.
You hit the centaur but do no damage.
The centaur is almost dead.
You block the centaur's attack.
The centaur kicks you but does no damage.
The centaur throws a javelin.
The javelin completely misses you. The centaur barely misses you.
The centaur kicks you but does no damage.
You barely miss the centaur. You tail-slap the centaur.
You kill the centaur!
Trog accepts your kill.
The centaur throws a javelin.
The javelin pierces through you.
You die...

≈≈.≈≈....≈≈≈≈
####...≈≈≈~~~~~≈≈≈...≈.≈
..)...≈≈≈~≈≈≈≈≈~~≈≈..≈.≈
......≈≈≈~~)=?≈≈≈o~....≈
......≈≈≈~≈≈≈≈≈~~≈≈..≈.≈
####...≈≈≈~~~~o≈≈≈.c.≈.≈
≈≈.≈≈....≈≈≈≈≈≈≈....≈≈.≈
≈≈≈.≈...............≈.≈≈
≈≈≈.≈≈.⌠......).@).≈≈c≈≈
≈≈≈≈c≈.............≈.≈≈≈
≈≈≈≈.≈≈≈.........≈≈≈.≈≈≈
≈≈≈≈≈..≈≈≈.....≈≈≈..≈≈≈≈
≈≈≈≈≈≈≈..≈≈≈≈≈≈≈o.≈≈≈≈≈≈
#≈≈≈≈≈≈≈≈..c.ooc≈≈≈≈≈≈≈≈
##≈≈≈≈≈≈≈≈≈≈≈≈≈≈≈≈≈≈≈≈≈#
##≈≈≈≈≈≈≈≈≈≈≈≈≈≈≈≈≈≈≈##


You could see 3 orc warriors, 4 centaurs and 2 orcs.

Vanquished Creatures
  Pikel (D:5)
  Maggie (D:7)
  A raiju (D:6)
  A wraith (Ossuary)
  2 wyverns
  3 vampire mosquitoes (D:7)
  An acid dragon (D:10)
  A water moccasin (D:8)
  An ice beast (D:6)
  8 orc warriors
  4 black bears
  A sky beast (D:6)
  6 centaurs
  2 ogres
  A lemure (D:5)
  Blork the orc (D:4)
  A phantom (D:5)
  3 bullfrogs
  A gnoll sergeant (D:7)
  3 scorpions
  4 wights (D:8)
  10 killer bees
  An electric eel (D:10)
  A howler monkey (D:5)
  4 hounds
  A jelly (D:7)
  An orc priest (D:6)
  Crazy Yiuf (D:2)
  A gnoll bouda (D:6)
  3 iguanas
  4 sleepcaps
  6 orc wizards
  A mummy (Ossuary)
  20 gnolls
  8 adders
  A white imp (D:7)
  2 worms (D:2)
  5 dart slugs
  45 orcs
  4 endoplasms
  2 giant cockroaches (D:1)
  9 goblins
  8 hobgoblins
  3 quokkas
  A training dummy (D:6)
  6 ball pythons
  3 bats
  7 frilled lizards
  8 gnoll skeletons (Ossuary)
  8 kobolds
  6 kobold skeletons (Ossuary)
  11 orc skeletons (Ossuary)
  3 rats
241 creatures vanquished.

Notes
Turn   | Place    | Note
-------+----------+-------------------------------------------
     0 | D:1      | boopmooplesden the Armataur Berserker began the quest for
                  | the Orb.
     0 | D:1      | Reached XP level 1. HP: 19/19 MP: 1/1
   129 | D:1      | Reached XP level 2. HP: 27/27 MP: 2/2
   410 | D:1      | Reached XP level 3. HP: 31/33 MP: 3/3
   618 | D:1      | Reached ** piety under Trog
   871 | D:2      | Reached XP level 4. HP: 40/40 MP: 4/4
   888 | D:2      | Reached skill level 3 in Armour
   893 | D:2      | Reached skill level 1 in Maces & Flails
  1077 | D:2      | Found a runed translucent door.
  1078 | D:2      | Noticed Crazy Yiuf
  1084 | D:2      | Killed Crazy Yiuf
  1085 | D:2      | Reached XP level 5. HP: 48/48 MP: 5/5
  1547 | D:3      | Found an ancient bone altar of Kikubaaqudgha.
  1626 | D:3      | Found a sparkling altar of Nemelex Xobeh.
  1626 | D:3      | Found a white marble altar of Elyvilon.
  1626 | D:3      | Found a shadowy altar of Dithmenos.
  1649 | D:3      | Identified the +0 leather armour of Satisfaction {rC- Str+3
                  | Int+4 Dex+3}
  1712 | D:3      | Found a radiant altar of Vehumet.
  2133 | D:3      | Found Ticoqist's Antique Weapon Emporium.
  2203 | D:4      | Reached skill level 4 in Armour
  2465 | D:4      | Noticed Blork the orc
  2477 | D:4      | Killed Blork the orc
  2478 | D:4      | Reached XP level 6. HP: 37/55 MP: 6/6
  2624 | D:4      | Reached *** piety under Trog
  3092 | D:4      | Reached skill level 5 in Armour
  3092 | D:4      | Reached XP level 7. HP: 53/62 MP: 7/7
  3356 | D:4      | Identified a scroll of acquirement
  3356 | D:4      | Acquired the +6 scimitar of Exzil {freeze, rN++ Dex+2}
  3374 | D:5      | Entered Level 5 of the Dungeon
  3425 | D:5      | Found a shimmering blue altar of Sif Muna.
  3508 | D:5      | Reached skill level 1 in Shields
  3594 | D:5      | Found a staircase to the Ecumenical Temple.
  3911 | D:5      | Reached XP level 8. HP: 29/71 MP: 8/8
  3949 | D:5      | Reached skill level 6 in Armour
  4245 | D:5      | Noticed Pikel
  4255 | D:5      | Killed Pikel
  4256 | D:5      | Reached skill level 5 in Long Blades
  4646 | D:6      | Reached skill level 7 in Armour
  4708 | D:6      | Found Ickiotaz's Firing Range.
  4806 | Abyss:1  | Found a corrupted altar of Lugonu.
  4806 | Abyss:1  | Cast into level 1 of the Abyss (gnoll)
  4815 | Abyss:1  | Noticed a raiju
  4816 | Abyss:1  | Noticed a raiju
  4816 | Abyss:1  | Noticed a raiju
  4820 | D:6      | Escaped the Abyss
  5068 | D:6      | Reached skill level 5 in Fighting
  5074 | D:6      | Reached XP level 9. HP: 79/79 MP: 9/9
  5458 | D:6      | Reached skill level 8 in Armour
  5506 | D:6      | Reached **** piety under Trog
  5733 | D:7      | Found a sand-covered staircase.
  5738 | Ossuary  | Entered an ossuary
  5749 | Ossuary  | Reached skill level 1 in Stealth
  5869 | Ossuary  | Reached ***** piety under Trog
  6009 | D:7      | Reached skill level 9 in Armour
  6478 | D:7      | Noticed Maggie
  6488 | D:7      | Killed Maggie
  6489 | D:7      | Reached XP level 10. HP: 81/88 MP: 10/10
  6624 | D:7      | Found a hide-covered altar of Uskayaw.
  7303 | D:8      | You fall into a shaft and drop 2 floors!
  7303 | D:10     | Entered Level 10 of the Dungeon
  7609 | D:9      | Found a flagged portal.
  7625 | Bailey   | Entered a bailey
  7934 | Bailey   | Reached skill level 10 in Armour
  8549 | Bailey   | HP: 2/88 [centaur/javelin (5)]
  8551 | Bailey   | Hit by a javelin thrown by a centaur

Illustrated notes

Levels and vault maps discovered:
D:1:      dpeg_arrival_tiny_j, layout_rooms, minmay_misc_feat_rugged,
          minmay_heptomino_d4
D:2:      layout_basic, uniq_crazy_yiuf_cottage
D:3:      layout_loops_cross, old_standard_altar, lemuel_crystal_altar,
          gammafunk_temple_overflow_forgotten, serial_shops,
          nicolae_lakefront_shop, glass_columns_c
D:4:      layout_basic, fountainhead, minivault_5, uniq_blork_the_orc
D:5:      minmay_skewed_foursquare, layout_loops_ring,
          mainiacjoe_overflow_boulevard, minmay_temple_entry_mini_moons,
          uniq_pikel
D:6:      layout_basic, minmay_curled_crystal, minmay_misc_feat_rows,
          nicolae_shop_firing_range
D:7:      layout_loops_ring, nicolae_uskayaw_suspiria,
          nicolae_ossuary_entry_false_entrances, chequers_avenue, uniq_maggie
D:8:      layout_cave_pools, lair_entry_dummy
D:9:      layout_roguey, grunt_temple_overflow_open, nicolae_gozag_seed_capital,
          enter_bailey_3, gammafunk_ghost_spectres
D:10:     layout_long_grid, nicolae_ru_great_annihilating_truth,
          gammafunk_ghost_split, minmay_crystal_water
Bailey:   bailey_polearm_flooded_kennysheep, bailey

Skill      XL: |  1  2  3  4  5  6  7  8  9 10 |
---------------+-------------------------------+-----
Fighting       | 3 4 5 6 |  6.3
Long Blades    | 3 4 5 8 9 |  9.0
Armour         | 3 4 5 7 9 10 | 10.2
Maces & Flails | 1 3 4 |  4.4
Dodging        | 2 3 |  3.4
Shields        | 1 3 4 |  4.3
Stealth        | 1 2 |  2.2

Action                     |  1- 3 |  4- 6 |  7- 9 | 10-12 || total
---------------------------+-------+-------+-------+-------++-------
  Melee: Falchion          |    20 |       |       |       ||    20
         Whip              |    73 |   113 |     9 |       ||   195
         Tailslap          |     9 |    11 |    26 |    21 ||    67
         Punch             |     1 |     2 |     1 |     2 ||     6
         Scimitar          |       |       |   255 |   151 ||   406
 Invoke: Berserk           |     2 |     2 |     7 |     3 ||    14
         Trog's Hand       |       |       |       |     2 ||     2
  Evoke: Wand              |       |       |       |     1 ||     1
    Use: Scroll            |       |       |    24 |     5 ||    29
         Potion            |       |       |     2 |     1 ||     3
 Armour: Animal skin       |    13 |       |       |       ||    13
         Scale mail        |    15 |       |       |       ||    15
         Chain mail        |    55 |    58 |   184 |    97 ||   394
         Plate armour      |       |       |       |    26 ||    26
  Dodge: Dodged            |    50 |    35 |   114 |   107 ||   306
  Block: Other             |       |    11 |    72 |    60 ||   143
         Reflection        |       |       |       |     1 ||     1
